 Dungeon Crawl Stone Soup version 0.29.0-4-gdea44cf6ec (webtiles) character file.

Game seed: 17017790924588443657

571 qw the Ruffian (level 7, -3/66 HPs)
             Began as a Troll Cinder Acolyte on Aug 31, 2022.
             Was an Elder of Ignis.
             Slain by an ogre
             ... wielding a +0 giant club
              (19 damage)
             ... on level 5 of the Dungeon.
             The game lasted 00:02:09 (3284 turns).

qw the Ruffian (Troll Cinder Acolyte)               Turns: 3284, Time: 00:02:09

Health: -3/66      AC: 11    Str: 25    XL:     7   Next: 12%
Magic:  7/7        EV:  8    Int: 10    God:    Ignis [****..]
Gold:   37         SH:  7    Dex:  5    Spells: 8/8 levels left

rFire   + . .      SeeInvis .     - Unarmed
rCold   . . .      Faith    .   b - +0 kite shield
rNeg    . . .      Spirit   .   a - +0 robe
rPois   .          Reflect  .   (helmet restricted)
rElec   .          Harm     .   (no cloak)
rCorr   .          Rampage  .   (gloves unavailable)
Will    .....                   (boots unavailable)
Stlth   +.........              (no amulet)
HPRegen 1.01/turn               (no ring)
MPRegen 0.10/turn               (no ring)

@: about to teleport, fiery-armoured
A: large, unfitting armour, claws 3, regeneration 1, shaggy fur 1, tough skin 1
a: Renounce Religion, Fiery Armour, Foxfire Swarm, Rising Flame


You were on level 5 of the Dungeon.
You worshipped Ignis.
Ignis was greatly pleased with you.
You visited 1 branch of the dungeon, and saw 5 of its levels.

You collected 204 gold pieces.
You spent 167 gold pieces at shops.


Innate Abilities, Weirdness & Mutations

You are too large for most types of armour.
You have claws for hands.
Your natural rate of healing is unusually fast.
You are covered in fur. (AC +1)
You have tough skin. (AC +1)


   Skills:
 - Level 2.4 Fighting
 + Level 4.9 Shields
 - Level 6.0 Unarmed Combat
 - Level 1.0 Spellcasting
 - Level 2.1 Fire Magic


You had 8 spell levels left.
You didn't know any spells.
Your spell library contained the following spells:

 Spells                   Type           Power      Damage    Failure   Level
 Scorch                   Fire           8%         2d5       43%         2

Inventory:

Missiles
 l - a boomerang (quivered)
Armour
 a - a +0 robe (worn)
 b - a +0 kite shield (worn)
 j - +0 fire dragon scales
Scrolls
 c - 2 scrolls of enchant weapon
 g - 5 scrolls of identify
 k - 2 scrolls of teleportation
 n - a scroll of magic mapping {unknown}
Potions
 d - a potion of haste
 e - 2 potions of curing {unknown}
 f - 3 potions of might
 h - a potion of flight {unknown}
 i - a potion of heal wounds {unknown}
 m - a potion of berserk rage {unknown}

Dungeon Overview and Level Annotations

Branches:
Dungeon (5/15)
 Temple: D:4-7

Altars:

Shops:
D:4 (   D:5 :*

Annotations:
D:4 1 runed translucent door, qw's ghost, amateur TrCA


Message History

You can access your shopping list by pressing '$'.
3262 ||| BUYING scroll labelled RAM YFFIAMN (19 gold).
n - a scroll labelled RAM YFFIAMN Thank you for shopping at Pauzxol's Assorted Antiques!
You can access your shopping list by pressing '$'.
3262 ||| BUYING silvery potion (17 gold).
e - 2 silvery potions (gained 1) Thank you for shopping at Pauzxol's Assorted Antiques!
You can access your shopping list by pressing '$'.
You open the door.
There is an open door here.
g - 5 scrolls of identify (gained 1)
Found a pair of gloves.
A hound and an ogre come into view.
Found a stone staircase leading up.
The hound barks!
The ogre shouts!
You closely miss the ogre.
The ogre hits you with a +0 giant club!!
You completely miss the ogre. The ogre hits you with a +0 giant club!
3279 ||| INVOKING Fiery Armour.
A protective cloak of flame settles atop you.
You scratch the ogre.
The ogre is lightly wounded.
You block the ogre's attack.
You closely miss the ogre.
The ogre is lightly wounded.
The ogre barely misses you.
You claw the ogre!
The ogre is moderately wounded.
The ogre hits you with a +0 giant club!
The ogre is burned by your cloak of flames.
The ogre is heavily wounded.
3283 ||| READING 3 scrolls of teleportation.
As you read the scroll of teleportation, it crumbles to dust.
You feel strangely unstable.
You claw the ogre!
The ogre is almost dead.
The ogre hits you with a +0 giant club!!
You die...

#.##..# #.##..#
#.##..# #.##..#
#.##..#
######.##..####.#
#...##.##.....[..
#'#......@....#
#.####.###O##.#
########.# #.# h#
.......#\####.#
.#
#####....~..#.#
.# #.#..~....# .#
#..#>##.### .#
####.# .# <# #[#
#


You could see an ogre and a hound.

Vanquished Creatures
  An ogre (D:5)
  A phantom (D:5)
  A hound (D:4)
  A jelly (D:5)
  An orc priest (D:4)
  Jessica (D:3)
  2 gnoll boudas
  An orc wizard (D:4)
  8 gnolls
  4 adders
  An ufetubus (D:5)
  2 worms
  2 dart slugs
  6 orcs
  2 ball pythons
  4 endoplasms
  6 giant cockroaches
  15 hobgoblins
  7 kobolds
  2 quokkas (D:1)
  7 bats
  13 goblins
  9 rats
97 creatures vanquished.

Notes
Turn   | Place    | Note
-------+----------+-------------------------------------------
     0 | D:1      | qw the Troll Cinder Acolyte began the quest for the Orb.
     0 | D:1      | Reached XP level 1. HP: 22/22 MP: 1/1
     0 | D:1      | 0 ||| qw: Version: 0.1-a-97-g2dd2ca4
     0 | D:1      | 0 ||| qw: Game counter: 4625
     0 | D:1      | 0 ||| qw: Always use a shield: true
     0 | D:1      | 0 ||| qw: God list: Okawaru
     0 | D:1      | 0 ||| qw: Allow faded altars: false
     0 | D:1      | 0 ||| qw: Do Orc after D:15 true
     0 | D:1      | 0 ||| qw: Do second Lair branch before Depths: true
     0 | D:1      | 0 ||| qw: Lair rune preference: random
     0 | D:1      | 0 ||| qw: Plans: Normal
     0 | D:1      | 0 ||| PLANNING D:1-11
    44 | D:1      | 44 ||| Stepping ~*~*~tactically~*~*~ (stealth).
   138 | D:1      | Reached XP level 2. HP: 29/29 MP: 2/2
   407 | D:1      | 407 ||| Stepping ~*~*~tactically~*~*~ (stealth).
   484 | D:1      | Reached skill level 4 in Unarmed Combat
   710 | D:1      | 710 ||| UPGRADING to +0 kite shield.
   742 | D:1      | 742 ||| READING scroll labelled APPOEG MAVO.
   743 | D:1      | 743 ||| READING scroll labelled NACOAH HOFIFF.
   864 | D:2      | Reached XP level 3. HP: 36/36 MP: 3/3
   867 | D:2      | Reached skill level 1 in Shields
   951 | D:2      | 951 ||| Stepping ~*~*~tactically~*~*~ (stealth).
   952 | D:2      | 952 ||| Stepping ~*~*~tactically~*~*~ (stealth).
  1303 | D:2      | Reached XP level 4. HP: 44/44 MP: 4/4
  1443 | D:2      | 1443 ||| Stepping ~*~*~tactically~*~*~ (stealth).
  1609 | D:2      | 1609 ||| READING scroll labelled FAURO AMAH.
  1710 | D:2      | 1710 ||| READING scroll labelled GIEMAR YQUWIXT.
  1711 | D:2      | 1711 ||| READING 2 scrolls labelled VIGIMN WIEXUM.
  1712 | D:2      | 1712 ||| DRINKING 2 viscous purple potions.
  1750 | D:3      | 1750 ||| Stepping ~*~*~tactically~*~*~ (hiding).
  1754 | D:3      | 1754 ||| INVOKING Fiery Armour.
  1759 | D:3      | Reached skill level 3 in Shields
  1762 | D:3      | 1762 ||| Stepping ~*~*~tactically~*~*~ (stealth).
  1769 | D:3      | Reached XP level 5. HP: 50/50 MP: 5/5
  1776 | D:3      | 1776 ||| Stepping ~*~*~tactically~*~*~ (stealth).
  1778 | D:3      | 1778 ||| Stepping ~*~*~tactically~*~*~ (hiding).
  2229 | D:3      | Noticed Jessica
  2237 | D:3      | Killed Jessica
  2412 | D:3      | 2412 ||| READING 2 scrolls labelled LUNKIO LOXOETO.
  2413 | D:3      | 2413 ||| READING 2 scrolls of identify.
  2413 | D:3      | 2413 ||| IDENTIFYING bubbling sapphire potion
  2414 | D:3      | 2414 ||| DROPPING scroll of noise.
  2443 | D:4      | 2443 ||| STAIRDANCE
  2448 | D:4      | 2448 ||| Stepping ~*~*~tactically~*~*~ (outnumbered).
  2450 | D:4      | 2450 ||| Stepping ~*~*~tactically~*~*~ (outnumbered).
  2464 | D:4      | 2464 ||| Stepping ~*~*~tactically~*~*~ (hiding).
  2465 | D:4      | 2465 ||| Stepping ~*~*~tactically~*~*~ (hiding).
  2468 | D:4      | 2468 ||| INVOKING Fiery Armour.
  2524 | D:4      | 2524 ||| Stepping ~*~*~tactically~*~*~ (stealth).
  2541 | D:4      | Reached skill level 5 in Unarmed Combat
  2541 | D:4      | Reached XP level 6. HP: 59/59 MP: 6/6
  2578 | D:4      | 2578 ||| Stepping ~*~*~tactically~*~*~ (outnumbered).
  2579 | D:4      | 2579 ||| Stepping ~*~*~tactically~*~*~ (outnumbered).
  2580 | D:4      | 2580 ||| Stepping ~*~*~tactically~*~*~ (outnumbered).
  2585 | D:4      | 2585 ||| Stepping ~*~*~tactically~*~*~ (outnumbered).
  2766 | D:4      | Found Xepraraq's Weapon Shop.
  2820 | D:4      | Found a runed translucent door.
  2857 | D:4      | 2857 ||| Stepping ~*~*~tactically~*~*~ (stealth).
  2858 | D:4      | 2858 ||| Stepping ~*~*~tactically~*~*~ (stealth).
  2859 | D:4      | 2859 ||| Stepping ~*~*~tactically~*~*~ (stealth).
  2860 | D:4      | 2860 ||| INVOKING Fiery Armour.
  2861 | D:4      | 2861 ||| Stepping ~*~*~tactically~*~*~ (outnumbered).
  2863 | D:4      | 2863 ||| Stepping ~*~*~tactically~*~*~ (outnumbered).
  2876 | D:4      | 2876 ||| FLEEEEING.
  2877 | D:4      | 2877 ||| FLEEEEING.
  2879 | D:4      | 2879 ||| FLEEEEING.
  2884 | D:4      | 2884 ||| Stepping ~*~*~tactically~*~*~ (hiding).
  2885 | D:4      | 2885 ||| Stepping ~*~*~tactically~*~*~ (hiding).
  2960 | D:4      | Noticed qw's ghost (amateur TrCA)
  3082 | D:4      | 3082 ||| DROPPING ring of flight.
  3083 | D:4      | 3083 ||| DRINKING 2 pink potions.
  3084 | D:4      | 3084 ||| DRINKING 3 glowing sapphire potions.
  3085 | D:4      | 3085 ||| DROPPING potion of attraction.
  3086 | D:4      | 3086 ||| DROPPING 2 potions of brilliance.
  3104 | D:5      | Entered Level 5 of the Dungeon
  3114 | D:5      | Found Puvorusk's Vocational Training.
  3119 | D:5      | 3119 ||| Stepping ~*~*~tactically~*~*~ (outnumbered).
  3123 | D:5      | Reached skill level 6 in Unarmed Combat
  3151 | D:5      | Reached XP level 7. HP: 40/66 MP: 7/7
  3259 | D:5      | Found Pauzxol's Assorted Antiques.
  3262 | D:5      | 3262 ||| BUYING 3 scrolls of identify (114 gold).
  3262 | D:5      | Bought 3 scrolls of identify for 114 gold pieces
  3262 | D:5      | 3262 ||| BUYING fizzy pink potion (17 gold).
  3262 | D:5      | Bought a fizzy pink potion for 17 gold pieces
  3262 | D:5      | 3262 ||| SHOPLISTING potion of might (76 gold, have 73).
  3262 | D:5      | 3262 ||| BUYING scroll labelled RAM YFFIAMN (19 gold).
  3262 | D:5      | Bought a scroll labelled RAM YFFIAMN for 19 gold pieces
  3262 | D:5      | 3262 ||| BUYING silvery potion (17 gold).
  3262 | D:5      | Bought a silvery potion for 17 gold pieces
  3279 | D:5      | 3279 ||| INVOKING Fiery Armour.
  3282 | D:5      | HP: 14/66 [ogre/+0 giant club (16)]
  3283 | D:5      | 3283 ||| READING 3 scrolls of teleportation.
  3284 | D:5      | Slain by an ogre

Levels and vault maps discovered:
D:1:      sevenhm_arrival_forest_fort_small_6, layout_basic,
          hangedman_decor_opposing, nicolae_concentric_dashed_squares_mild,
          chequers_garden
D:2:      cheibrodos_greedy_goblins, layout_loops_ring, uniq_crazy_yiuf_cottage
D:3:      layout_basic, uniq_jessica
D:4:      nicolae_cairo_tiling_large, layout_cave_pools, serial_shops,
          nicolae_shop_bloodbath_and_beyond, ebering_ghost_sewer_d
D:5:      layout_loops_ring, serial_shops, shop, nicolae_shop_waterfront,
          nicolae_shop_hallway_stairs, nicolae_shop_hallway_stairs, shop,
          nicolae_shop_vocational

Skill      XL: |  1  2  3  4  5  6 |
---------------+-------------------+-----
Unarmed Combat | 4 5 6 |  6.0
Shields        | 2 3 4 |  4.9
Fighting       | |  2.4
Spellcasting   | |  1.0
Fire Magic     | |  2.1

Action                   |  1- 3 |  4- 6 |  7- 9 || total
-------------------------+-------+-------+-------++-------
Melee: Unarmed           |    93 |   176 |    16 ||   285
Throw: Boomerang         |       |     4 |     2 ||     6
Invok: Fiery Armour      |       |     3 |     1 ||     4
  Use: Scroll            |     2 |     5 |     1 ||     8
       Potion            |       |     3 |       ||     3
Armor: Robe              |    27 |    40 |     5 ||    72
Dodge: Dodged            |    32 |    49 |     7 ||    88
Block: Kite shield       |    12 |    48 |     5 ||    65

Table legend:
 A = Non-vault XP
 B = Vault XP
 C = Vault XP percentage of total XP
 D = Non-vault monster count
 E = Vault monster count
 F = Vault count percentage of total count
                 A         B        C        D         E       F
            +---------+---------+-------+---------+---------+-------
      Total |     761 |      56 |   6.9 |      86 |      11 |  11.3
            +---------+---------+-------+---------+---------+-------
        D:1 |      32 |       0 |   0.0 |      20 |       0 |   0.0
        D:2 |      74 |      19 |  20.4 |      22 |      10 |  31.2
        D:3 |     117 |      37 |  24.0 |      17 |       1 |   5.6
        D:4 |     253 |       0 |   0.0 |      22 |       0 |   0.0
        D:5 |     285 |       0 |   0.0 |       5 |       0 |   0.0
            +---------+---------+-------+---------+---------+-------
